 Dungeon Crawl Stone Soup version 0.20.0-15-g7f486f2 (webtiles) character file.

116 skittles the Firebug (level 4, -5/33 HPs)
             Began as a Draconian Fire Elementalist on June 17, 2017.
             Killed by divine providence
             ... invoked by an orc priest
              (10 damage)
             ... on level 3 of the Dungeon.
             The game lasted 00:07:02 (3182 turns).

skittles the Firebug (Draconian Fire Elementalist)  Turns: 3182, Time: 00:07:02

Health: -5/33      AC:  6    Str: 11    XL:     4   Next: 69%
Magic:  2/8        EV: 12    Int: 16    God:
Gold:   111        SH:  0    Dex: 11    Spells: 7/8 levels left

rFire    . . .     SeeInvis .   v - +1 dagger (holy)
rCold    . . .     Gourm    .   (no shield)
rNeg     . . .     Faith    +   (armour unavailable)
rPois    .         Spirit   .   (helmet restricted)
rElec    .         Reflect  .   (no cloak)
rCorr    .         Harm     .   b - +0 pair of gloves
MR       .....                  (no boots)
Stlth    ++........             g - amulet of faith
Regen    0.2/turn               (no ring)
MPRegen  0.2/turn               (no ring)

@: no status effects
A: unfitting armour, cold-blooded, AC +5
a: no special abilities


You were on level 3 of the Dungeon.
You were not hungry.

You visited 1 branch of the dungeon, and saw 3 of its levels.

You collected 111 gold pieces.

Inventory:

Hand Weapons
 j - a +0 spear
 v - a +1 dagger of holy wrath (weapon)
Armour
 b - a +0 pair of gloves (worn)
 s - a +0 buckler
Jewellery
 g - an amulet of faith (around neck)
Scrolls
 d - a scroll of teleportation {unknown}
 f - a scroll of recharging {unknown}
 h - a scroll of remove curse {unknown}
 k - a scroll of fog {unknown}
 m - a scroll of immolation {unknown}
 o - a scroll of identify {unknown}
 r - a scroll of magic mapping {unknown}
 t - a scroll of enchant armour {unknown}
 u - a scroll of amnesia {unknown}
Potions
 c - a potion of invisibility {unknown}
 l - a potion of flight {unknown}
 q - a potion of lignification {unknown}
Books
 a - a book of Flames

   Spells                             Type                      Level
   a - Flame Tongue                   Conjuration/Fire             1
   b - Throw Flame                    Conjuration/Fire             2
   c - Conjure Flame                  Conjuration/Fire             3
   d - Inner Flame                    Hexes/Fire                   3
   e - Sticky Flame                   Conjuration/Fire             4
   f - Fireball                       Conjuration/Fire             5
Comestibles
 i - 3 bread rations
 n - 4 fruits
 p - 3 chunks of flesh


   Skills:
 - Level 1.7 Dodging
 - Level 1.7 Stealth
 + Level 2.9 Spellcasting
 + Level 2.9 Conjurations
 + Level 3.9 Fire Magic


You had 7 spell levels left.
You knew the following spells:

 Your Spells              Type           Power        Failure   Level  Hunger
a - Flame Tongue          Conj/Fire      ##...        4%          1    #......


Dungeon Overview and Level Annotations

Branches:
Dungeon (3/15)

Altars:
Dithmenos
Fedhas
Xom
Zin


Innate Abilities, Weirdness & Mutations

Your plain brown scales are hard. (AC +5)
You cannot fit into any form of body armour.
You are cold-blooded and may be slowed by cold attacks.


Message History

Press: ? - help, Shift-Dir - straight line, f/p - orc priest
Aim: an orc priest, wielding a short sword and wearing a leather armour (heavily wounded)
The flame tongue hits the orc priest.
You kill the orc priest!
Casting: Flame Tongue
Confirm with . or Enter, or press ? or * to list all spells.
Aiming: Flame Tongue
Press: ? - help, Shift-Dir - straight line, f - orc wizard
Aim: an orc wizard, wielding a dagger and wearing a robe (lightly wounded)
The flame tongue hits the orc wizard.
The orc wizard is moderately wounded.
The orc wizard points at you and mumbles some strange words.
The magic dart hits you!
The orc wizard gestures at you while chanting.
The magic dart hits you!
* * * LOW HITPOINT WARNING * * *
There is an open door here.
The orc priest mumbles some strange prayers to Beogh against you.
Beogh smites you!
You die...

# ## #. .#.# ##'# .#.#
##...## # .#.# ##.....##
.. .#.## ##.......## #.#..
....####.......(.###o.....
.......+.........'oo.o....
.....###........@####...#.
......# #.......## ##
####..####.....##
...............#
#####..#####'#.# #..#
#.#.# #.(# #.#.# #...
#.#.# ##.## ....#


You could see an orc priest, an orc wizard and 2 orcs.

Vanquished Creatures
  An orc priest (D:3)
  2 adders
  2 oozes (D:1)
  A worm (D:2)
  A dart slug (D:2)
  2 orcs
  A ball python (D:1)
  5 giant cockroaches
  5 hobgoblins
  3 jackals (D:2)
  3 bats
  A frilled lizard (D:1)
  6 goblins
  12 kobolds
  8 rats
53 creatures vanquished.

Notes
Turn   | Place    | Note
-------+----------+-------------------------------------------
     0 | D:1      | skittles the Draconian Fire Elementalist began the quest for the Orb.
     0 | D:1      | Reached XP level 1. HP: 14/14 MP: 3/3
   285 | D:1      | Reached XP level 2. HP: 20/20 MP: 0/5
  1184 | D:1      | Reached XP level 3. HP: 26/26 MP: 6/6
  2291 | D:2      | Noticed an angel
  2292 | D:2      | Found a glowing silver altar of Zin.
  2292 | D:2      | Found a shimmering altar of Xom.
  2416 | D:2      | Found a shadowy altar of Dithmenos.
  2711 | D:2      | Found a blossoming altar of Fedhas.
  2766 | D:2      | Reached XP level 4. HP: 27/33 MP: 0/7
  3182 | D:3      | Killed from afar by an orc priest

Skill      XL: |  1  2 |
---------------+-------+-----
Conjurations   | 2 |  2.9
Dodging        | |  1.7
Stealth        | |  1.7
Spellcasting   | |  2.9
Fire Magic     | |  3.9

Action                   |  1- 3 |  4- 6 || total
-------------------------+-------+-------++-------
Melee: Unarmed           |    40 |       ||    40
       Dagger            |    64 |       ||    64
       Tailslap          |     8 |     3 ||    11
       Spear             |    29 |    41 ||    70
 Cast: Flame Tongue      |    42 |     9 ||    51
 Stab: Sleeping          |     3 |     3 ||     6
  Eat: Chunk             |     2 |     1 ||     3
       Bread ration      |     1 |       ||     1
Armor: Skin              |    40 |    13 ||    53
Dodge: Dodged            |    81 |    25 ||   106
